Selects Advanced Infantry Battlegroup
Selects Convert to Ranger Squad
Construct Weapon Support Center
Selects Artillery Observers
Selects Designate Assault Position
Selects Designate Assault Position
Selects Ranger Weapon Training
Construct Medical Station
Selects M2A1 105mm Howitzer Emplacement
Selects 155mm Rapid Artillery Barrage
155mm Rapid Artillery Barrage
155mm Rapid Artillery Barrage
155mm Rapid Artillery Barrage
M18 Hellcat Tank Destroyer
155mm Rapid Artillery Barrage
M18 Hellcat Tank Destroyer